AoeStats
← GAX | Huns N' Roses

African Clearing

505789655Analyzed
3v3 RM · 21d ago on Sep 11, 2026· 47m 32s· 6 players
Game mode
Random Map
Map size
Normal (6 player)
Population
200
Speed
Normal
Resources
Standard
Victory
Conquest
Starting age
Dark Age
Ending age
Imperial Age
RankedLock teamsTeams togetherTeam positionsShared explorationLock speedFull tech treeHidden civsTurbo modeCheats
Victory
Defeat
🇧🇷 Magyars · Brazil
1759
+9
🇧🇷 Berbers · Brazil
1665
+12
🇧🇷 Vietnamese · Brazil
1661
+12
🇸🇻 Khmer · El Salvador
1664
-14
🇺🇾 Huns · Uruguay
1584
-11
🇦🇷 Wei · Argentina
1485
-8
Mini Rich pakt
4:19 Loom
11:55 Feudal Age
12:28 Double-Bit Axe
17:36 Forging
18:04 Horse Collar
22:03 Wheelbarrow
23:37 Padded Archer Armor
28:24 Castle Age
27:04 Scale Barding Armor
27:08 Gold Mining
29:49 Gold Shaft Mining
29:47 Chain Barding Armor
29:47 Husbandry
34:30 Bloodlines
43:34 Bow Saw
[GGnT] Nanito_Uy
3:11 Loom
23:46 Feudal Age
30:30 Fletching
33:11 Castle Age
31:46 Padded Archer Armor
31:39 Double-Bit Axe
33:13 Gold Mining
33:54 Bodkin Arrow
34:14 Leather Archer Armor
34:22 Bow Saw
35:21 Thumb Ring
37:26 Ballistics
38:39 Gold Shaft Mining
42:12 Wheelbarrow
45:55 Hand Cart
AxD | Kurumi 002
3:48 Loom
13:00 Feudal Age
15:32 Double-Bit Axe
20:13 Castle Age
20:24 Fletching
20:31 Crossbowman
21:45 Bodkin Arrow
29:19 Padded Archer Armor
36:03 Bow Saw
36:26 Horse Collar
37:55 Leather Archer Armor
38:07 Town Watch
38:49 Ballistics
41:15 Wheelbarrow
41:27 Elite Skirmisher
45:07 Imperial Age
43:14 Wheelbarrow
44:05 Elite Skirmisher
46:22 Ring Archer Armor
Fs.TARTARUGA VELOZ
5:05 Loom
27:54 Feudal Age
29:06 Double-Bit Axe
31:56 Castle Age
29:41 Horse Collar
31:05 Gold Mining
33:03 Bow Saw
32:54 Heavy Plow
36:10 Wheelbarrow
41:06 Hand Cart
45:42 Imperial Age
44:10 Scale Barding Armor
44:55 Bloodlines
44:46 Husbandry
45:31 Chain Barding Armor
47:05 Plate Barding Armor
45:55 Cavalier
GAX | Huns N' Roses
4:13 Loom
13:44 Feudal Age
18:17 Castle Age
17:37 Fletching
19:12 Bodkin Arrow
21:27 Double-Bit Axe
21:23 Horse Collar
29:17 Padded Archer Armor
30:04 Wheelbarrow
29:14 Town Watch
30:58 Bloodlines
32:57 Leather Archer Armor
33:04 Town Patrol
33:23 Hand Cart
34:59 Ballistics
35:47 Gold Mining
35:47 Stone Mining
40:18 Imperial Age
38:20 Husbandry
39:17 Bow Saw
39:08 Heavy Plow
40:21 Capped Ram
41:05 Bracer
42:06 Chemistry
41:44 Crop Rotation
42:15 Two-Man Saw
41:52 Stone Shaft Mining
40:40 Heavy Cavalry Archer
42:10 Ring Archer Armor
42:28 Siege Engineers
44:29 Scale Barding Armor
44:35 Forging
45:56 Coinage
46:11 Chain Barding Armor
GAX | Subzeroaoe
3:02 Loom
12:54 Feudal Age
17:45 Castle Age
16:03 Double-Bit Axe
15:59 Horse Collar
18:44 Bow Saw
19:09 Fletching
29:34 Wheelbarrow
28:45 Town Watch
30:29 Gold Mining
30:55 Bodkin Arrow
35:04 Padded Archer Armor
36:41 Guard Tower
37:12 Ballistics
39:07 Masonry
41:11 Hand Cart
43:38 Kasbah
45:52 Leather Archer Armor
49:04 Imperial Age
Connection lost

Rejoining the realm…

Still unreachable

The connection could not be restored.

Session expired

The server has moved on; the page needs a fresh start.